 Dungeon Crawl Stone Soup version 0.18-a0-1794-g139b600 (webtiles) character file.

145 Blackbelt the Covert (level 5, -4/38 HPs)
             Began as a Vampire Assassin on Apr 22, 2016.
             Was an Initiate of Okawaru.
             Slain by an orc
             ... wielding a +0 mace
              (6 damage)
             ... on level 3 of the Dungeon.
             The game lasted 00:08:00 (2986 turns).

Blackbelt the Covert (Vampire Assassin)             Turns: 2986, Time: 00:08:01

Health: -4/38      AC:  3    Str: 10    XL:     5   Next: 6%
Magic:  5/5        EV: 14    Int: 14    God:    Okawaru [......]
Gold:   64         SH:  0    Dex: 16    Spells: 0 memorised, 4 levels left

rFire  . . .     SeeInvis +     v - +1 dagger (pain)
rCold  . . .     Gourm    .     c - +0 robe
rNeg   + . .     Faith    .     (no shield)
rPois  +         Spirit   .     (no helmet)
rElec  .         Dismiss  .     d - +0 cloak
rCorr  .         Reflect  .     (no gloves)
SustAt .         Harm     .     (no boots)
MR     .....                    (no amulet)
Stlth  ++++......               (no ring)
                                j - ring of poison resistance

@: about to teleport, not resistant to hostile enchantments, stealthy
A: fangs 3, see invisible, unbreathing
a: Bat Form, Renounce Religion


You were on level 3 of the Dungeon.
You worshipped Okawaru.
Okawaru was noncommittal.
You were not thirsty.

You visited 1 branch of the dungeon, and saw 3 of its levels.

You collected 64 gold pieces.

Inventory:

Hand Weapons
 a - a +2 dagger
 b - a +0 blowgun
 n - a +0 short sword of holy wrath
 v - a +1 dagger of pain (weapon)
Missiles
 e - 8 poisoned needles
 f - 2 curare-tipped needles
Armour
 c - a +0 robe (worn)
 d - a +0 cloak (worn)
 s - a +2 ring mail of poison resistance
Jewellery
 j - a ring of poison resistance (left hand)
Wands
 t - a wand of digging (10/24)
Scrolls
 i - 3 scrolls of teleportation
 k - 3 scrolls of identify
 l - a scroll of random uselessness {unknown}
 m - 2 scrolls of amnesia
 p - a scroll of blinking {unknown}
 q - 2 scrolls of remove curse {unknown}
Potions
 g - a potion of blood
 h - a potion of beneficial mutation {unknown}
 o - a potion of berserk rage {unknown}
 r - a potion of magic {unknown}
 u - a potion of cancellation {unknown}


   Skills:
 - Level 1.7 Fighting
 - Level 2.1 Short Blades
 - Level 1.5 Throwing
 * Level 3.8 Dodging
 + Level 8.0 Stealth


You had 4 spell levels left.
You didn't know any spells.

Dungeon Overview and Level Annotations

Branches:
Dungeon (3/15)

Altars:
Fedhas
Okawaru
Pakellas


Innate Abilities, Weirdness & Mutations

You have razor-sharp teeth.
You have supernaturally acute eyesight.
You can survive without breathing.


Message History

Read which item? (? for menu, Esc to quit)
As you read the scroll of teleportation, it crumbles to dust.
You feel strangely unstable. The orc hits you with a trident.
The orc wizard hits you but does no damage.
The orc closely misses you.
You hit the orc wizard but do no damage.
The orc wizard is moderately wounded.
The orc wizard hits you with a dagger.
* * * LOW HITPOINT WARNING * * *
The orc barely misses you. The orc hits you with a mace.
* * * LOW HITPOINT WARNING * * *
Drink which item? (? for menu, Esc to quit)
Okay, then.
You hit the orc but do no damage. You bite the orc, but do no damage.
The orc wizard points at you and mumbles some strange words.
The puff of flame hits you!
* * * LOW HITPOINT WARNING * * *
The orc barely misses you.
You barely miss the orc. The orc hits you with a mace.
You die...

#..........# #.### #.
#..........# ###.######.
#...<......#######........##
#...................#####..#
#..........######.###
#..........### #.#
#............## #.#
#........###o.###.#
######..#.o@#.....#
#.###o###..### #..#...#.o.#
#...###...## #.#...o..##
#.....#### . ######o#o.# o..
#.......#.######..?..
#.........o.oo.o.#


You could see an orc wizard and 2 orcs.

Vanquished Creatures
  4 gnolls (D:2)
  3 adders
  An ooze (D:3)
  5 worms
  A dart slug (D:2)
  A giant gecko (D:1)
  An orc (D:3)
  A giant cockroach (D:1)
  4 goblins
  3 hobgoblins (D:1)
  11 jackals
  2 quokkas (D:2)
  10 bats
  2 giant newts
  3 kobolds
  5 rats
57 creatures vanquished.

Notes
Turn   | Place    | Note
--------------------------------------------------------------
     0 | D:1      | Blackbelt the Vampire Assassin began the quest for the Orb.
     0 | D:1      | Reached XP level 1. HP: 16/16 MP: 1/1
   147 | D:1      | Reached skill level 6 in Stealth
   319 | D:1      | Reached XP level 2. HP: 22/22 MP: 2/2
   584 | D:1      | Reached skill level 7 in Stealth
   967 | D:2      | Reached XP level 3. HP: 27/27 MP: 3/3
  1718 | D:2      | Reached XP level 4. HP: 25/33 MP: 4/4
  1809 | D:2      | Found an iron altar of Okawaru.
  1816 | D:2      | Became a worshipper of Warmaster Okawaru
  1936 | D:2      | Found a blossoming altar of Fedhas.
  2408 | D:3      | Found an oddly glowing altar of Pakellas.
  2513 | D:3      | Reached skill level 8 in Stealth
  2513 | D:3      | Reached XP level 5. HP: 38/38 MP: 5/5
  2523 | D:3      | Noticed an ogre
  2986 | D:3      | Slain by an orc

Vault maps used:
D:1:      lightli_arrival_quake, minmay_misc_feat_plants, minmay_hedge_maze
D:2:      nicolae_overflow_hidden_temple, first_bread, okawaru_ov_weapons_minmay
D:3:      grunt_pakellas_salt

Skill      XL: |  1  2  3  4 |
---------------+-------------+-----
Stealth        | 6 7 8 |  8.0
Dodging        | 2 3 |  3.8
Fighting       | |  1.7
Short Blades   | |  2.1
Throwing       | |  1.5

Action                   |  1- 3 |  4- 6 || total
-------------------------+-------+-------++-------
Melee: Dagger            |   111 |    76 ||   187
       Bite              |     7 |    10 ||    17
 Fire: Blowgun           |     8 |       ||     8
  Use: Scroll            |       |     4 ||     4
       Potion            |       |     3 ||     3
 Stab: Sleeping          |    12 |     9 ||    21
  Eat: Corpse            |     1 |     1 ||     2
Armor: Robe              |    22 |    10 ||    32
Dodge: Dodged            |    76 |    41 ||   117
